 Dungeon Crawl Stone Soup version 0.29.1-12-g30fa7ad0bf (webtiles) character file.

Game seed: 11243933599630538744

65 Jushak the Shield-Bearer (level 4, 0/37 HPs)
             Began as a Formicid Fighter on Jan 12, 2023.
             Slain by a kobold
             ... wielding a +0 short sword
              (3 damage)
             ... on level 3 of the Dungeon.
             The game lasted 00:04:06 (1258 turns).

Jushak the Shield-Bearer (Formicid Fighter)         Turns: 1258, Time: 00:04:06

Health: 0/37       AC:  8    Str: 20    XL:     4   Next: 34%
Magic:  4/4        EV:  9    Int: 10    God:
Gold:   79         SH:  5    Dex: 13    Spells: 3/3 levels left

rFire   . . .      SeeInvis +   a - +0 war axe
rCold   . . .      Faith    .   c - +0 buckler
rNeg    . . .      Spirit   .   b - +0 scale mail
rPois   .          Reflect  .   (helmet unavailable)
rElec   .          Harm     .   g - +0 cloak
rCorr   .          Rampage  .   (no gloves)
Will    .....                   (no boots)
Stlth   ..........              (no amulet)
HPRegen 0.12/turn               (no ring)
MPRegen 0.09/turn               (no ring)

@: mighty
A: permanent stasis, dig shafts and tunnels, antennae 3, four strong arms
a: Dig, Shaft Self


You were on level 3 of the Dungeon.
You visited 1 branch of the dungeon, and saw 3 of its levels.

You collected 79 gold pieces.

Inventory:

Hand Weapons
 a - a +0 war axe (weapon)
Armour
 b - a +0 scale mail (worn)
 c - a +0 buckler (worn)
 g - a +0 cloak (worn)
Scrolls
 e - 5 scrolls of identify {unknown}
 f - 2 scrolls of enchant armour {unknown}
 j - a scroll of teleportation {unknown}
 k - a scroll of enchant weapon {unknown}
 l - a scroll of noise {unknown}
Potions
 h - 3 potions of mutation {unknown}
 i - a potion of flight {unknown}
 m - a potion of curing {unknown}


   Skills:
 + Level 3.9 Fighting
 + Level 2.7 Axes
 + Level 3.9 Armour
 + Level 4.7 Shields


You had 3 spell levels left.
You didn't know any spells.
Your spell library contained the following spells:

 Spells                   Type           Power      Damage    Failure   Level
 Shock                    Conj/Air       0%         1d3       77%         1


Dungeon Overview and Level Annotations

Branches:
Dungeon (2/15)

Altars:


Innate Abilities, Weirdness & Mutations

You cannot be hasted, slowed, berserked, paralysed or teleported.
You can dig through walls and to a lower floor.
You have a pair of large antennae on your head. (SInv)
Your four strong arms can wield two-handed weapons with a shield.


Message History

Things that are here:
a +0 dagger; a +0 robe You slash the orc wizard!
The orc wizard is heavily wounded.
You barely miss the white imp. You barely miss the orc.
The orc wizard hits you with a +0 dagger.
The white imp closely misses you. You block the orc's attack.
You barely miss the orc wizard.
The orc wizard is heavily wounded.
You hit the white imp but do no damage. You hit the orc.
You block the orc wizard's attack. You block the white imp's attack.
The orc hits you with a +0 whip.
A quokka comes into view.
The orc wizard hits you but does no damage.
The white imp hits you. The white imp freezes you.
The orc hits you with a +0 whip.
You slash the orc wizard!
You kill the orc wizard!
You barely miss the white imp. You hit the orc.
You block the white imp's attack. The orc hits you with a +0 whip.
You have reached level 4!
You feel clever. The white imp attacks as you move away!
You block the white imp's attack. The white imp gestures at you.
The puff of frost hits you!
* * * LOW HITPOINT WARNING * * *
You are too injured to fight recklessly!
You are too injured to fight recklessly!
Okay, then.
You barely miss the orc.
The orc is severely wounded.
The orc hits you with a +0 whip.
* * * LOW HITPOINT WARNING * * *
You feel very mighty all of a sudden. The orc hits you with a +0 whip.
* * * LOW HITPOINT WARNING * * *
You slash the orc!
You kill the orc!
The kobold hits you with a +0 short sword.
You die...

#...)....#
#.#####'##........
#.# #.##........
#.# #.##........
#.# #.##........
#.# #.##........
#.# #.##........
#.#####.##........
#.......@K5.......
######.#>#r...[...
#.#.#........
..#.#########
####.# #.# #.# ..#


You could see a white imp, a quokka and a kobold.

Vanquished Creatures
  An orc wizard (D:3)
  A dart slug (D:1)
  2 orcs (D:3)
  5 bats
  3 endoplasms
  A giant cockroach (D:1)
  4 goblins
  4 hobgoblins
  2 quokkas (D:1)
  A ball python (D:1)
  2 frilled lizards (D:1)
  5 kobolds
  4 rats
35 creatures vanquished.

Vanquished Creatures (others)
  An orc wizard (D:3)
1 creature vanquished.

Grand Total: 36 creatures vanquished

Notes
Turn   | Place    | Note
-------+----------+-------------------------------------------
     0 | D:1      | Jushak the Formicid Fighter began the quest for the Orb.
     0 | D:1      | Reached XP level 1. HP: 18/18 MP: 1/1
   100 | D:1      | Reached XP level 2. HP: 24/24 MP: 2/2
   453 | D:1      | Reached XP level 3. HP: 25/29 MP: 3/3
   496 | D:1      | Found a faded altar of an unknown god.
   508 | D:1      | Got Plato's Essays on the Zephyr
  1073 | D:2      | You fall into a shaft and drop 1 floor!
  1255 | D:3      | Reached XP level 4. HP: 15/37 MP: 4/4
  1258 | D:3      | Slain by a kobold

Illustrated notes

Levels and vault maps discovered:
D:1:      spicycebolla_green_bress_n_ham_2, layout_basic,
          shapermc_ecumenical_altar_rom_forum
D:2:      layout_loops_corners
D:3:      layout_basic

Action                   |  1- 3 |  4- 6 || total
-------------------------+-------+-------++-------
Melee: War axe           |    91 |     2 ||    93
  Use: Potion            |       |     1 ||     1
Armor: Scale mail        |    40 |       ||    40
Dodge: Dodged            |    41 |       ||    41
Block: Buckler           |    26 |     1 ||    27
